 Dungeon Crawl Stone Soup version 0.16.1 (webtiles) character file.

858 Fiveotanaka the Chiller (level 8, -2/52 HPs)
             Began as a Merfolk Ice Elementalist on Mar 27, 2015.
             Was an Initiate of Sif Muna.
             Shot with a poisoned arrow by a centaur (7 damage)
             ... on level 5 of the Dungeon.
             The game lasted 00:25:12 (6574 turns).

Fiveotanaka the Chiller (Merfolk Ice Elementalist)  Turns: 6574, Time: 00:25:13

Health: -2/52      AC:  4    Str:  8    XL:     8   Next: 2%
Magic:  1/16       EV: 15    Int: 16    God:    Sif Muna [......]
Gold:   115        SH:  0    Dex: 15    Spells: 2 memorised, 10 levels left

rFire  . . .     SeeInvis .     f - +0 spear
rCold  . . .     Clarity  .     a - +0 robe
rNeg   . . .     SustAb   .     (no shield)
rPois  .         Gourm    .     s - +1 hat
rElec  .         Spirit   .     y - +0 cloak
rCorr  .         Warding  .     (no gloves)
rMut   .         Stasis   .     (no boots)
MR     .....                    (no amulet)
Stlth  ++........               (no ring)
                                (no ring)

@: lethally poisoned (-2 -> -37), not resistant to hostile enchantments,
unstealthy
A: change form in water, swift swim
a: Renounce Religion


You were on level 5 of the Dungeon.
You worshipped Sif Muna.
Sif Muna was noncommittal.
You were hungry.

You visited 2 branches of the dungeon, and saw 6 of its levels.

You collected 215 gold pieces.
You spent 100 gold pieces at shops.

Inventory:

Hand weapons
 f - a +0 spear (weapon)
 j - a +0 halberd
Missiles
 e - 162 stones (quivered)
 K - 18 poisoned needles
 L - 7 curare-tipped needles
Armour
 a - a +0 robe (worn)
 s - a +1 hat (worn)
 y - a +0 cloak (worn)
Magical devices
 u - a wand of slowing (27)
 A - a wand of magic darts (8)
 D - a wand of flame (19)
Scrolls
 h - a scroll of enchant weapon {unknown}
 l - a scroll of noise {unknown}
 m - 2 scrolls of amnesia {unknown}
 o - a scroll of enchant armour {unknown}
 p - 2 scrolls of immolation
 t - 3 scrolls of identify {unknown}
 v - 5 scrolls of remove curse
 w - a scroll of teleportation {unknown}
 C - a scroll of fear {unknown}
 H - a scroll of random uselessness {unknown}
Potions
 d - a potion of agility {unknown}
 g - a potion of heal wounds
 i - 2 potions of invisibility {unknown}
 k - 2 potions of haste {unknown}
 n - a potion of curing {unknown}
 q - a potion of magic {unknown}
 r - 2 potions of resistance {unknown}
 z - 2 potions of restore abilities {unknown}
 B - a potion of brilliance {unknown}
 E - a potion of cancellation {unknown}
 F - a potion of ambrosia {unknown}
 G - a potion of mutation {unknown}
Books
 b - a book of Frost

   Spells                             Type                      Level
   a - Freeze                         Ice                          1
   b - Throw Frost                    Conjuration/Ice              2
   c - Ozocubu's Armour               Charms/Ice                   3
   d - Throw Icicle                   Conjuration/Ice              4
   e - Summon Ice Beast               Ice/Summoning                4
   f - Condensation Shield            Ice                          4
Comestibles
 c - 4 bread rations
 x - 3 meat rations
 I - a fruit
 J - 3 chunks of flesh


   Skills:
 - Level 6.0 Polearms
 + Level 4.9 Dodging
 - Level 2.1 Stealth
 - Level 3.2 Spellcasting
 - Level 2.1 Conjurations
 - Level 7.0 Ice Magic


You had 10 spell levels left.
You knew the following spells:

 Your Spells              Type           Power        Failure   Level  Hunger
a - Freeze                Ice            ####         1%          1    None
b - Throw Frost           Conj/Ice       ###...       6%          2    ##.....


Dungeon Overview and Level Annotations

Branches:
Dungeon (5/15)             Temple (1/1) D:5

Altars:
Ashenzari
Cheibriados
Dithmenos
Elyvilon
Fedhas
Gozag
Kikubaaqudgha
Nemelex Xobeh
Okawaru
Qazlal
Ru
Sif Muna
Vehumet
Xom
Yredelemnul
The Shining One

Shops:
D:4 }}

Annotations:
D:3 Sigmund


Message History

* * * LOW HITPOINT WARNING * * *
You feel sick.
The centaur shoots a poisoned arrow.
The poisoned arrow hits you!
* * * LOW HITPOINT WARNING * * *
You are more poisoned.
Casting: Throw Frost
Confirm with . or Enter, or press ? or * to list all spells.
You don't have enough magic to cast that spell.
Unknown command.
Evoke which item? (* to show all) (? for menu, Esc to quit)
Zapping:
A - a wand of magic darts (9)
Press: ? - help, Shift-Dir - straight line, f/p - centaur
Aim: a centaur, wielding a shortbow (almost dead)
The magic dart hits the centaur.
The centaur is almost dead.
This wand has 8 charges left.
* * * LOW HITPOINT WARNING * * *
You feel very sick.
The centaur shoots a poisoned arrow.
The poisoned arrow hits you!
You die...

.... ##### ...
#.....##'#
.......#..##+####
.......#........#
.......'........+
#.......#)###..### ###
#..(.##+###<
#..@.#......
#....'.......
#....#<.....
#....#..... #
##########....# .... #
##........#....# .##
##### #.........#..c.#
### #....
#.........#....#.....
#....
#.........'....'......
+....


You could see a centaur.

Vanquished Creatures
  The ghost of Fiveotanaka the Conjurer, an average DECj (D:4)
  Eustachio (D:5)
  A scorpion (D:4)
  A water moccasin skeleton (D:5)
  3 crimson imps (D:5)
  A giant frog zombie (D:5)
  A jelly (D:5)
  A centaur skeleton (D:5)
  A giant frog skeleton (D:5)
  An iguana (D:4)
  3 worker ants
  A gnoll (D:2)
  6 adders
  A worm (D:2)
  3 giant geckos
  2 oozes
  9 orcs
  2 giant cockroaches
  8 goblins
  8 hobgoblins
  2 jackals (D:1)
  7 bats
  4 giant newts
  13 kobolds
  A quokka (D:5)
  6 rats
88 creatures vanquished.

Notes
Turn   | Place    | Note
--------------------------------------------------------------
     0 | D:1      | Fiveotanaka, the Merfolk Ice Elementalist, began the quest for the Orb.
     0 | D:1      | Reached XP level 1. HP: 13/13 MP: 3/3
   532 | D:1      | Reached XP level 2. HP: 19/19 MP: 1/4
   574 | D:1      | Learned a level 2 spell: Throw Frost
   618 | D:1      | Reached skill level 4 in Ice Magic
   878 | D:1      | Reached skill level 1 in Polearms
  1405 | D:2      | Found a snail-covered altar of Cheibriados.
  1434 | D:2      | Reached XP level 3. HP: 24/24 MP: 3/6
  2078 | D:2      | Reached skill level 5 in Ice Magic
  2078 | D:2      | Reached XP level 4. HP: 30/30 MP: 2/7
  2240 | D:2      | Reached skill level 1 in Conjurations
  2712 | D:3      | Noticed Sigmund
  3346 | D:3      | Reached XP level 5. HP: 35/35 MP: 9/9
  3721 | D:4      | Found Skocoew's Gadget Boutique.
  3727 | D:4      | Bought a wand of magic darts (22) for 100 gold pieces
  3753 | D:4      | Noticed Fiveotanaka's ghost (average DECj)
  3767 | D:4      | Killed Fiveotanaka's ghost
  3767 | D:4      | Reached skill level 6 in Ice Magic
  3767 | D:4      | Reached XP level 6. HP: 16/41 MP: 5/10
  4116 | D:4      | Found a glowing golden altar of the Shining One.
  4123 | D:4      | Found a sacrificial altar of Ru.
  4124 | D:4      | Found a stormy altar of Qazlal.
  4166 | D:4      | Found a sparkling altar of Nemelex Xobeh.
  4418 | D:4      | Found Usuoph's Gadget Emporium.
  4792 | D:4      | Found a white marble altar of Elyvilon.
  5129 | D:5      | Entered Level 5 of the Dungeon
  5198 | D:5      | Reached XP level 7. HP: 46/46 MP: 8/14
  5387 | D:5      | HP: 2/46 [giant frog skeleton (4)]
  5710 | D:5      | Found a staircase to the Ecumenical Temple.
  5720 | Temple   | Entered the Ecumenical Temple
  5864 | Temple   | Became a worshipper of Sif Muna the Loreminder
  5909 | D:5      | HP: 1/46 [water moccasin skeleton (6)]
  5911 | D:5      | Reached skill level 7 in Ice Magic
  6073 | D:5      | Found a blossoming altar of Fedhas.
  6085 | D:5      | Noticed Eustachio
  6101 | D:5      | Killed Eustachio
  6101 | D:5      | Reached skill level 5 in Polearms
  6538 | D:5      | Reached XP level 8. HP: 52/52 MP: 8/16
  6574 | D:5      | Shot with a poisoned arrow by a centaur

Action                   |  1- 3 |  4- 6 |  7- 9 || total
-------------------------+-------+-------+-------++-------
Melee: Spear             |    57 |    63 |    59 ||   179
       Unarmed           |     1 |       |       ||     1
 Cast: Freeze            |    25 |    65 |    49 ||   139
       Throw Frost       |     6 |     6 |     6 ||    18
Evoke: Wand              |       |     8 |    11 ||    19
  Use: Scroll            |       |     2 |       ||     2
       Potion            |       |       |     2 ||     2
 Stab: Sleeping          |     2 |     4 |     2 ||     8
       Distracted        |       |       |     1 ||     1
  Eat: Chunk             |     3 |    11 |     4 ||    18
       Beef jerky        |       |     1 |       ||     1
